 Dungeon Sprint DCSS version 0.21-a0-154-gb5400c9 (webtiles) character file.

998 Lunath the Cleaver (level 8, -1/78 HPs)
             Began as a Minotaur Fighter on Aug 2, 2017.
             Was a Follower of Okawaru.
             Killed by divine providence
             ... invoked by a smoke demon
             ... summoned by a kobold demonologist
              (14 damage)
             ... in the Dungeon (Sprint I: "Red Sonja").
             The game lasted 00:01:47 (320 turns).

Lunath the Cleaver (Minotaur Fighter)                Turns: 320, Time: 00:01:47

Health: -1/78      AC:  8    Str: 21      XL:     8   Next: 0%
Magic:  9/9        EV: 12    Int:  3 (5)  God:    Okawaru [*.....]
Gold:   374        SH: 11    Dex: 12      Spells: 7/7 levels left

rFire    . . .     SeeInvis .   a - +0 war axe
rCold    . . .     Gourm    .   c - +0 shield
rNeg     . . .     Faith    .   b - +0 scale mail
rPois    .         Spirit   .   (helmet restricted)
rElec    .         Reflect  .   (no cloak)
rCorr    .         Harm     .   (no gloves)
MR       .....     NoTele   +   (no boots)
Stlth    ..........             (no amulet)
HPRegen  0.23/turn              (no ring)
MPRegen  0.11/turn              (no ring)

@: weakened
A: retaliatory headbutt, horns 2
a: Heroism, Renounce Religion


You were in the Dungeon.
You worshipped Okawaru.
Okawaru was aware of your devotion.
You were not hungry.

You visited 1 branch You collected 418 gold pieces.
You spent 44 gold pieces at shops.

Inventory:

Hand Weapons
 a - a +0 war axe (weapon)
Armour
 b - a +0 scale mail (worn)
 c - a +0 shield (worn)
Scrolls
 k - a scroll of blinking
 l - 2 scrolls of identify
Potions
 e - a potion of curing
 g - a potion of heal wounds
 h - a potion of haste
 i - 2 potions of magic
 j - a potion of berserk rage
Comestibles
 f - a bread ration


   Skills:
 + Level 9.2 Fighting
 * Level 11.8 Axes
 + Level 9.1 Armour
 + Level 7.5 Dodging
 + Level 9.1 Shields
 + Level 3.5 Invocations


You had 7 spell levels left.
You didn't know any spells.

Dungeon Overview and Level Annotations

Branches:
Dungeon (1/1)

Altars:
Cheibriados
Dithmenos
Elyvilon
Fedhas
Gozag
Hepliaklqana
Kikubaaqudgha
Makhleb
Nemelex Xobeh
Okawaru
Qazlal
Ru
Sif Muna
Trog
Uskayaw
Vehumet
Wu Jian
Xom
Yredelemnul
Zin
The Shining One
Jiyva
Lugonu

Shops:
D *


Innate Abilities, Weirdness & Mutations

You reflexively headbutt those who attack you in melee.
You have a pair of horns on your head.


Message History

You block the smoke demon's attack.
The crimson imp blinks!
The shadow imp picks up a beetle and eats it.
The kobold demonologist looks braver for a moment.
You block the neqoxec's attack.
You hit the kobold demonologist but do no damage.
The kobold demonologist is severely wounded.
You hit the smoke demon.
Your shield and scale mail prevent you from hitting the neqoxec.
The smoke demon gestures at you. The sticky flame misses you.
The shadow imp lashes its tail.
You block the kobold demonologist's attack.
You block the neqoxec's attack.
You hit the kobold demonologist.
Your headbutt misses the kobold demonologist.
The kobold demonologist is almost dead.
You closely miss the neqoxec. You barely miss the smoke demon.
The smoke demon gestures at you. Something smites you!
You die...

#####################
.)..#..'..#__#..@K5.#
.#..').#..'^.'.3#35.#
###'#####'#__####55.+
##..#...#.#### ####
_####..##(#
____##+#_.+
.∩...'..._#
..__##_.#+# ____###+#


You could see a kobold demonologist, a smoke demon, a neqoxec, a white imp and 3
shadow imps.

Vanquished Creatures
  A kobold demonologist (D)
  A slime creature (D)
  Sigmund (D)
  A yak (D)
  A floating eye (D)
  An ogre (D)
  A jelly (D)
  Ijyb (D)
8 creatures vanquished.

Notes
Turn   | Place    | Note
-------+----------+-------------------------------------------
     0 | D        | Lunath the Minotaur Fighter began the quest for the Orb.
     0 | D        | Reached XP level 1. HP: 19/19 MP: 0/0
     1 | D        | Noticed Ijyb
     7 | D        | Killed Ijyb
     7 | D        | Reached skill level 4 in Axes
     7 | D        | Reached XP level 2. HP: 28/28 MP: 1/1
    11 | D        | Noticed an ogre
    13 | D        | Killed an ogre
    13 | D        | Reached skill level 5 in Fighting
    13 | D        | Reached skill level 6 in Axes
    13 | D        | Reached skill level 5 in Armour
    13 | D        | Reached skill level 5 in Shields
    13 | D        | Reached XP level 3. HP: 37/37 MP: 2/2
    13 | D        | Reached XP level 4. HP: 44/44 MP: 3/3
    23 | D        | Noticed Sigmund
    26 | D        | Killed Sigmund
    26 | D        | Reached skill level 8 in Axes
    26 | D        | Reached skill level 5 in Dodging
    26 | D        | Reached XP level 5. HP: 52/52 MP: 4/4
    41 | D        | Found a deep blue altar of Sif Muna.
    42 | D        | Found an ornate altar of the Wu Jian Council.
    43 | D        | Found a radiant altar of Vehumet.
    46 | D        | Reached skill level 9 in Axes
    46 | D        | Reached XP level 6. HP: 47/60 MP: 5/5
    53 | D        | Found Lyid's General Store.
    53 | D        | Found an ancient bone altar of Kikubaaqudgha.
    53 | D        | Found a stormy altar of Qazlal.
    53 | D        | Found a blossoming altar of Fedhas.
    53 | D        | Found a bloodstained altar of Trog.
    53 | D        | Found an iron altar of Okawaru.
    53 | D        | Found a glowing golden altar of the Shining One.
    53 | D        | Found a glowing silver altar of Zin.
    53 | D        | Found a white marble altar of Elyvilon.
    53 | D        | Noticed a yak
    56 | D        | Killed a yak
    56 | D        | Reached skill level 10 in Axes
    58 | D        | Found a hazy altar of Hepliaklqana.
    58 | D        | Found a hide-covered altar of Uskayaw.
    58 | D        | Found a basalt altar of Yredelemnul.
    58 | D        | Found an opulent altar of Gozag.
    58 | D        | Found a snail-covered altar of Cheibriados.
    58 | D        | Found a sacrificial altar of Ru.
    58 | D        | Found a shadowy altar of Dithmenos.
    59 | D        | Found a sparkling altar of Nemelex Xobeh.
    64 | D        | Became a worshipper of Warmaster Okawaru
    66 | D        | Bought a scroll of identify for 22 gold pieces
    66 | D        | Bought a scroll of identify for 22 gold pieces
    96 | D        | Found a viscous altar of Jiyva.
    96 | D        | Found a corrupted altar of Lugonu.
    96 | D        | Noticed a slime creature
    97 | D        | Found a burning altar of Makhleb.
    97 | D        | Found a shimmering altar of Xom.
   112 | D        | Killed a slime creature
   112 | D        | Reached skill level 11 in Axes
   112 | D        | Reached XP level 7. HP: 32/69 MP: 5/7
   300 | D        | Noticed a kobold demonologist
   301 | D        | Noticed a kobold demonologist
   302 | D        | Noticed an orange demon
   306 | D        | Noticed a neqoxec
   309 | D        | Noticed a sixfirhy
   312 | D        | Killed a kobold demonologist
   312 | D        | Reached * piety under Okawaru
   312 | D        | Reached XP level 8. HP: 51/78 MP: 9/9
   314 | D        | Noticed a smoke demon
   320 | D        | Killed from afar by a smoke demon

Vault maps used:
D:        dungeon_sprint_1

Skill      XL: |  1  2  3  4  5  6  7 |
---------------+----------------------+-----
Fighting       | 4 5 7 8 9 |  9.2
Axes           | 4 6 8 9 11 | 11.8
Armour         | 4 5 7 8 9 |  9.1
Dodging        | 2 3 5 6 7 |  7.5
Shields        | 4 5 7 8 9 |  9.1
Invocations    | 2 3 |  3.5

Action                   |  1- 3 |  4- 6 |  7- 9 || total
-------------------------+-------+-------+-------++-------
Melee: War axe           |     6 |    22 |    18 ||    46
       Headbutt          |     3 |     6 |     4 ||    13
  Use: Potion            |     1 |       |       ||     1
Armor: Scale mail        |     3 |     2 |     9 ||    14
Dodge: Dodged            |     1 |     7 |    14 ||    22
Block: Shield            |     3 |     7 |    16 ||    26
